 Dungeon Crawl Stone Soup version 0.31-a0-174-g85c54bcb58 (webtiles) character file.

Game seed: 16565623394925226182

17 roflturtle the Firebug (level 2, 0/15 HPs)
             Began as a Tengu Fire Elementalist on June 15, 2023.
             Slain by a hobgoblin (4 damage)
             ... on level 1 of the Dungeon.
             The game lasted 00:02:00 (449 turns).

roflturtle the Firebug (Tengu Fire Elementalist)     Turns: 449, Time: 00:02:00

Health: 0/15       AC:  2    Str:  8    XL:     2   Next: 62%
Magic:  1/6        EV: 12    Int: 15    God:
Gold:   0          SH:  0    Dex: 14    Spells: 4/5 levels left

rFire   . . .        e - +0 short sword
rCold   . . .        (no shield)
rNeg    . . .        a - +0 robe
rPois   .            (helmet restricted)
rElec   .            (no cloak)
rCorr   .            (no gloves)
SInv    .            (boots unavailable)
Will    .....        (no amulet)
Stlth   ++           (no ring)
HPRegen 0.22/turn    (no ring)
MPRegen 0.10/turn

%: no passive effects
@: no status effects
A: beak, talons 3
a: no special abilities


You were on level 1 of the Dungeon.
You visited 1 branch of the dungeon, and saw 1 of its levels.

Inventory:

Hand Weapons
 e - a +0 short sword (weapon)
Armour
 a - a +0 robe (worn)
Scrolls
 d - 3 scrolls of identify {unknown}
 f - a scroll of butterflies {unknown}
Potions
 b - a potion of magic
 c - a potion of mutation {unknown}


   Skills:
 - Level 2.1 Dodging
 - Level 2.0 Stealth
 - Level 2.0 Spellcasting
 - Level 3.2 Conjurations
 + Level 3.4 Fire Magic


You had 4 spell levels left.
You knew the following spells:

 Your Spells              Type           Power      Damage    Failure   Level
a - Foxfire               Conj/Fire      44%        2x1d6     5%          1

Your spell library contained the following spells:

 Spells                   Type           Power      Damage    Failure   Level
 Scorch                   Fire           22%        2d6       9%          2
 Inner Flame              Hex/Fire       6%         N/A       32%         3
 Volatile Blastmotes      Fire/Tloc      12%        2d11      32%         3
 Flame Wave               Conj/Fire      11%        2d6       50%         4


Dungeon Overview and Level Annotations

Branches:
Dungeon (1/15)

Altars:

Shops:
D:1 [:


Innate Abilities, Weirdness & Mutations

You have a beak for a mouth.
You have claws for feet.


Message History

The hobgoblin attacks as you move away! The hobgoblin closely misses you.
An endoplasm comes into view.
The hobgoblin attacks as you move away! The hobgoblin misses you.
The hobgoblin barely misses you.
The endoplasm quivers.
The quokka bites you. The hobgoblin closely misses you. The quokka misses you.
The hobgoblin attacks as you move away! The hobgoblin hits you.
The quokka attacks as you move away! The quokka bites you.
The quokka attacks as you move away!
The quokka bites you but does no damage.
The quokka bites you.
* * * LOW HITPOINT WARNING * * *
2 frilled lizards come into view.
The frilled lizard moves out of view. x2
Found a robe.
The quokka barely misses you. The quokka misses you.
The quokka attacks as you move away!
The quokka bites you but does no damage.
You are too injured to fight recklessly!
Casting: Foxfire (safe; 6% risk of failure)
Press: ? - help, Q - select action Dir - look around, f - activate You conjure some foxfire!
The quokka misses you. The quokka attacks as you move away!
The quokka bites you.
* * * LOW HITPOINT WARNING * * *
The foxfire hits the quokka.
The quokka is severely wounded.
The foxfire hits the quokka.
You kill the quokka!
You are too injured to fight recklessly!
Casting: Foxfire (safe; 5% risk of failure)
Press: ? - help, Q - select action Dir - look around, f - activate You conjure some foxfire!
You barely miss the hobgoblin.
The foxfire hits the hobgoblin.
The hobgoblin is lightly wounded.
The foxfire hits the hobgoblin.
The hobgoblin is heavily wounded.
The hobgoblin hits you.
You die...

##############
#.....@.......
######g####### ###
#J...# ..#
####J##########..#
#........#..J..
.......#####.....####
....l.. ###......####
..............#......
.......####.....####.


You could see an endoplasm and a hobgoblin.

Vanquished Creatures
  3 bats (D:1)
  An endoplasm (D:1)
  2 goblins (D:1)
  A hobgoblin (D:1)
  A kobold (D:1)
  3 quokkas (D:1)
  2 ball pythons (D:1)
  2 rats (D:1)
15 creatures vanquished.

Vanquished Creatures (others)
  51 foxfires (D:1)
51 creatures vanquished.

Grand Total: 66 creatures vanquished

Notes
Turn   | Place    | Note
-------+----------+-------------------------------------------
     0 | D:1      | roflturtle the Tengu Fire Elementalist began the quest for
                  | the Orb.
     0 | D:1      | Reached XP level 1. HP: 10/10 MP: 4/4
     5 | D:1      | Found Coptolitz's Vocational Training.
   176 | D:1      | Reached XP level 2. HP: 15/15 MP: 3/6
   271 | D:1      | Found Nanext's Armour Shop.
   449 | D:1      | Slain by a hobgoblin

Illustrated notes

Levels and vault maps discovered:
D:1:      dpeg_arrival_lava_altar, layout_rooms, serial_shops,
          nicolae_shop_waterfront, nicolae_shop_vocational

Skill      XL: |  1  2 |
---------------+-------+-----
Conjurations   | 2 3 |  3.2
Dodging        | |  2.1
Stealth        | |  2.0
Spellcasting   | |  2.0
Fire Magic     | |  3.4

Action                     || total
---------------------------++-------
  Melee: Short sword       ||     1
   Cast: Foxfire           ||    29
 Armour: Robe              ||     3
  Dodge: Dodged            ||     9

Table legend: (Time is in decaauts)
 A = Elapsed time spent in this place.
 B = Non-inter-level travel time spent in this place.
 C = Inter-level travel time spent in this place.
 D = Time resting spent in this place.
 E = Time spent auto-exploring this place.
 F = Levels seen in this place.
 G = Mean time per level.
                   A        B        C        D        E       F      G
               +--------+--------+--------+--------+--------+-----+--------+
         Total |    448 |    435 |     13 |      0 |    329 |   1 |  448.0 |
       Dungeon |    448 |    435 |     13 |      0 |    329 |   1 |  448.0 |
               +--------+--------+--------+--------+--------+-----+--------+

Top non-repeatable levels by time:
     D:1: 448 daAuts
